 Dungeon Crawl Stone Soup version 0.32-a0-932-g546787307d (webtiles) character file.

Game seed: 1422573621488358318

4 Chimkentus the Apothecary (level 1, -1/11 HPs)
             Began as an Octopode Alchemist on Apr 14, 2024.
             Slain by a quokka (5 damage)
             ... on level 1 of the Dungeon.
             The game lasted 00:00:47 (124 turns).

Chimkentus the Apothecary (Octopode Alchemist)       Turns: 124, Time: 00:00:47

Health: -1/11      AC:  1    Str:  7    XL:     1   Next: 70%
Magic:  1/3        EV: 12    Int: 17    God:
Gold:   6          SH:  0    Dex: 12    Spells: 3/4 levels left

rFire   . . .        (no weapon)
rCold   . . .        (no shield)
rNeg    . . .        (helmet restricted)
rPois   .            (no amulet)
rElec   .            (no ring)
rCorr   .            (no ring)
SInv    .            (no ring)
Will    .....        (no ring)
Stlth   +++          (no ring)
HPRegen 0.21/turn    (no ring)
MPRegen 0.08/turn    (no ring)
                     (no ring)

%: no passive effects
@: no status effects
A: almost no armour, amphibious, 8 rings, camouflage 1, gelatinous body 1,
(nimble swimmer 1), tentacles
a: no special abilities


You were on level 1 of the Dungeon.
You visited 1 branch of the dungeon, and saw 1 of its levels.

You collected 6 gold pieces.

Inventory:

Potions
 a - a potion of magic
 b - a potion of curing {unknown}


   Skills:
 + Level 2.0 Dodging
 + Level 2.7 Stealth
 + Level 2.0 Spellcasting
 * Level 1.0 Conjurations
 * Level 3.6 Alchemy


You had 3 spell levels left.
You knew the following spells:

 Your Spells              Type           Power      Damage    Failure   Level
a - Sting                 Conj/Alch      36%        1d5       8%          1

Your spell library contained the following spells:

 Spells                   Type           Power      Damage    Failure   Level
 Mercury Vapours          Alch/Air       14%        N/A       14%         2
 Mephitic Cloud           Conj/Alch/Air  7%         N/A       30%         3
 Olgreb's Toxic Radiance  Alch           14%        N/A       38%         4
 Sticky Flame             Fire/Alch      7%         2d4       65%         4


Dungeon Overview and Level Annotations

Branches:
Dungeon (1/15)

Altars:


Innate Abilities, Weirdness & Mutations

You cannot wear most types of armour.
You are amphibious.
You can wear up to eight rings at the same time.
Your skin changes colour to match your surroundings (Stealth+).
Your rubbery body absorbs attacks. (AC +1, EV +1)
((You are camouflaged when in or above water. (Stealth+)))
You have tentacles for arms and can constrict up to eight enemies at once.


Message History

Aiming: Sting (safe; 8% risk of failure)
Press: ? - help, Shift-Dir - straight line, f - goblin
Aim: a goblin, wielding a +0 dagger (60% to hit)
The sting misses the goblin.
Casting: Sting (safe; 8% risk of failure)
Confirm with . or Enter, or press ? or * to list all spells.
Aiming: Sting (safe; 8% risk of failure)
Press: ? - help, Shift-Dir - straight line, f/p - goblin
Aim: a goblin, wielding a +0 dagger (60% to hit)
The sting misses the goblin.
You tentacle-slap the goblin. Your grab misses the goblin.
The goblin is moderately wounded.
The goblin hits you with a +0 dagger.
You barely miss the goblin. You grab the goblin.
The goblin is moderately wounded.
You constrict the goblin. The goblin closely misses you.
You tentacle-slap the goblin.
You kill the goblin!
The kobold throws a stone.
The stone barely misses you.
Casting: Sting (safe; 8% risk of failure)
Confirm with . or Enter, or press ? or * to list all spells.
Aiming: Sting (safe; 8% risk of failure)
Press: ? - help, Shift-Dir - straight line, f - kobold
Aim: a kobold, wielding a +0 dagger and quivering stones (60% to hit)
The sting hits the kobold but does no damage.
The kobold is poisoned.
Unknown command.
You tentacle-slap the kobold. You grab the kobold.
The kobold is moderately wounded.
You constrict the kobold.
You kill the kobold!
You see here a giant cockroach corpse.
The quokka attacks as it pursues you! The quokka bites you.
You closely miss the quokka. You grab the quokka. You constrict the quokka.
The quokka bites you.
You completely miss the quokka.
You squeeze the quokka, but do no damage.
The quokka is heavily wounded.
You constrict the quokka. The quokka bites you. x2
You die...

........# ........†........
........#######.# #...........
#......g.....#.####...........
#.......###.##................
#.......# #S##.##.#†..........
#....$..# #.##......##########
.........# #.##..#.#.# #..
#>.....Kr# #S##..#.#.# #.ß
#........# #.r@..#.#.# #..
#......S.# #####.#.#.# #~~
#.#.#.# #≈≈ ..#.#.# #≈≈
..#.#.# #≈≈ #.#.# #≈≈ .#.# #≈≈
.# #≈≈ #≈≈


You could see a quokka and a ball python (wandering).

Vanquished Creatures
  A giant cockroach (D:1)
  A goblin (D:1)
  A bat (D:1)
  A frilled lizard (D:1)
  A kobold (D:1)
5 creatures vanquished.

Notes
Turn   | Place    | Note
-------+----------+-------------------------------------------
     0 | D:1      | Chimkentus the Octopode Alchemist began the quest for the
                  | Orb.
     0 | D:1      | Reached XP level 1. HP: 11/11 MP: 3/3
   124 | D:1      | Slain by a quokka

Illustrated notes

Levels and vault maps discovered:
D:1:      zaba_arrival_water, layout_basic

Action                     || total
---------------------------++-------
  Melee: Unarmed           ||    10
         Constrict         ||     4
         Tentacles         ||     2
   Cast: Sting             ||     7
 Armour: Skin              ||    10
  Dodge: Dodged            ||     7

Table legend: (Time is in decaauts)
 A = Elapsed time spent in this place.
 B = Non-inter-level travel time spent in this place.
 C = Inter-level travel time spent in this place.
 D = Time resting spent in this place.
 E = Time spent auto-exploring this place.
 F = Levels seen in this place.
 G = Mean time per level.
                   A        B        C        D        E       F      G
               +--------+--------+--------+--------+--------+-----+--------+
         Total |    124 |    124 |      0 |      0 |     81 |   1 |  124.0 |
       Dungeon |    124 |    124 |      0 |      0 |     81 |   1 |  124.0 |
               +--------+--------+--------+--------+--------+-----+--------+

Top non-repeatable levels by time:
     D:1: 124 daAuts
